 Dungeon Crawl Stone Soup version 0.31-a0-4-gefa6de2278 (webtiles) character file.

Game seed: 1754894730149178298

1077 juan097 the Trooper (level 8, -8/61 HPs)
             Began as a Djinni Fire Elementalist on May 3, 2023.
             Was a Priest of Qazlal.
             Killed by divine providence
             ... invoked by an orc priest
              (15 damage)
             ... on level 5 of the Dungeon.
             The game lasted 00:15:27 (4886 turns).

juan097 the Trooper (Djinni Fire Elementalist)      Turns: 4886, Time: 00:15:28

Health: -8/61      AC:  4    Str:  7    XL:     8   Next: 54%
Gold:   111        EV: 13    Int: 19    God:    Qazlal [***...] SH:  3 Dex: 14

rFire   + + .        a - +2 short sword (venom)
rCold   x . .        (no shield)
rNeg    . . .        r - +0 robe
rPois   ∞            (no helmet)
rElec   .            (no cloak)
rCorr   .            A - +1 Delatra's gloves {ID++}
SInv    .            (boots unavailable)
Will    .....        t - amulet of faith
Stlth   ++           (no ring)
HPRegen 0.30/turn    (no ring)
MPRegen 0.00/turn

%: faith, infuse magic (-9 HP)
@: flying
A: sickness immunity, fire resistance 2, cold vulnerability 1, float, innate
caster, HP casting, extra vitality 1
a: Renounce Religion, Upheaval, Elemental Force


You were on level 5 of the Dungeon.
You worshipped Qazlal.
Qazlal was most pleased with you.
You visited 1 branch of the dungeon, and saw 5 of its levels.

You collected 111 gold pieces.

Inventory:

Hand Weapons
 a - a +2 short sword of venom (weapon)
 b - a +0 sling
 w - a +1 dagger of draining
 x - a +4 morningstar
 y - a +1 morningstar of holy wrath
 K - a +1 falchion of electrocution
Missiles
 s - 10 poisoned darts
 z - 6 boomerangs
 B - 6 atropa-tipped darts
 J - a curare-tipped dart
Armour
 r - a +0 robe (worn)
 A - the +1 Delatra's gloves (worn) {ID++}
   (You found it on level 4 of the Dungeon)

   ID++:      It heals its wearer when they drink unknown potions, and restores
   their MP when they read unknown scrolls.
Jewellery
 t - an amulet of faith (around neck)
Wands
 l - a wand of charming (7)
 C - a wand of iceblast (8)
Scrolls
 d - 2 scrolls of enchant armour {unknown}
 e - 3 scrolls of identify {unknown}
 f - a scroll of torment {unknown}
 g - 4 scrolls of poison {unknown}
 j - a scroll of magic mapping {unknown}
 k - 2 scrolls of fear {unknown}
 m - a scroll of enchant weapon {unknown}
 o - 6 scrolls of teleportation {unknown}
 p - a scroll of acquirement {unknown}
 q - a scroll of blinking {unknown}
 v - a scroll of butterflies {unknown}
 F - a scroll of immolation {unknown}
 H - a scroll of silence {unknown}
 I - a scroll of amnesia {unknown}
 L - a scroll of fog {unknown}
Potions
 c - 2 potions of might {unknown}
 h - 2 potions of resistance {unknown}
 i - 4 potions of curing {unknown}
 n - 3 potions of attraction {unknown}
 u - 2 potions of mutation {unknown}
 D - a potion of haste {unknown}
 E - a potion of magic {unknown}
 G - a potion of brilliance {unknown}


   Skills:
 - Level 6.0 Fighting
 - Level 4.0 Dodging
 - Level 3.0 Stealth
 + Level 4.5 Spellcasting
 + Level 2.6 Invocations


You knew the following spells:

 Your Spells              Type           Power      Damage    Failure   Level
a - Foxfire               Conj/Fire      84%        2x1d8     1%          1
b - Scorch                Fire           42%        2d7       3%          2
c - Volatile Blastmotes   Fire/Tloc      42%        2d13      6%          3
d - Inner Flame           Hex/Fire       21%        N/A       6%          3
e - Flame Wave            Conj/Fire      21%        2d8       21%         4
f - Magic Dart            Conj           84%        1d7       1%          1
g - Passwall              Tmut/Erth      17%        N/A       3%          2
h - Ozocubu's Armour      Ice            21%        N/A       6%          3
Your spell library was empty.

Dungeon Overview and Level Annotations

Branches:
Dungeon (5/15)
 Temple: D:4-7

Altars:
Elyvilon
Fedhas
Qazlal
Uskayaw
Wu Jian


Innate Abilities, Weirdness & Mutations

You are immune to sickness and miasma.
You are immune to poison.
Your flesh is very heat resistant. (rF++)
You are vulnerable to cold. (rC-)
You float through the air rather than walking.
You learn spells naturally, not from books.
Your magical power is your life essence.
You have superior vitality. (+4 MHP)


Message History

The foxfire hits the orc!
You kill the orc!
Qazlal accepts your kill.
The orc priest invokes the aid of Beogh against you.
Beogh smites you!
* * * LOW HITPOINT WARNING * * *
A scorpion comes into view.
Throw: 12 darts (poison)
Press: ? - help, Shift-Dir - straight line, f - scorpion
Aim: a scorpion (62% to hit)
You throw a poisoned dart.
The poisoned dart closely misses the scorpion.
Throw: 11 darts (poison)
Press: ? - help, Shift-Dir - straight line, f/p - scorpion
Aim: a scorpion (62% to hit)
You throw a poisoned dart.
The poisoned dart barely misses the scorpion.
Casting: Foxfire (safe; 2% risk of failure)
Confirm with . or Enter, or press ? or * to list all spells.
Flames lash the scorpion.
The scorpion is moderately wounded.
The scorpion's fire resistance burns away.
* * * LOW HITPOINT WARNING * * *
Okay, then.
You are too injured to fight recklessly!
You hit the scorpion.
The scorpion is poisoned.
The scorpion is heavily wounded.
The scorpion closely misses you. The scorpion stings you!
* * * LOW HITPOINT WARNING * * *
You hit the scorpion.
You kill the scorpion!
Qazlal accepts your kill.
You can now give life to nearby clouds.
Something unseen breaks down the door.
You sense a monster nearby.
The orc priest invokes the aid of Beogh against you.
Pain shoots through your body!
* * * LOW HITPOINT WARNING * * *
The orc priest calls down the wrath of Beogh upon you.
Beogh smites you!
You die...

#..#......#...#
#..+......#...#
#..#......#...#
#..#......#...## #
#..#......#..... ##
#..#......+.... h#
#..#.......######+######
<#####..##...≈§.@≈.§.........
##.......#...≈#'#§§.....(....
........†'...≈#_#§.........(.
..####+###...§###≈...o.......
..##...#####.≈≈≈≈≈####'###+##
........# #..§.#o.........
....:...# #..§.#..o)......
........# #....#..........
........# #....#..........


You could see an orc priest.

Vanquished Creatures
  Grinder (D:4)
  Menkaure (D:4)
  2 black bears (D:4)
  A phantom (D:5)
  A kobold brigand (D:5)
  A scorpion (D:5)
  2 orc priests (D:4)
  2 hounds (D:5)
  2 iguanas
  3 orc wizards (D:4)
  3 adders
  5 dart slugs
  20 orcs
  4 ball pythons
  9 endoplasms
  9 giant cockroaches
  5 goblins (D:1)
  7 jackals
  A quokka (D:1)
  6 bats
  4 frilled lizards
  9 kobolds
  7 rats
105 creatures vanquished.

Vanquished Creatures (others)
  120 foxfires
120 creatures vanquished.

Grand Total: 225 creatures vanquished

Notes
Turn   | Place    | Note
-------+----------+-------------------------------------------
     0 | D:1      | juan097 the Djinni Fire Elementalist began the quest for
                  | the Orb.
     0 | D:1      | juan097 set off with the following spells memorised:
                  | Foxfire, Scorch, Volatile Blastmotes, Inner Flame, Flame
                  | Wave.
     0 | D:1      | Reached XP level 1. HP: 15/15 MP: 0/0
   159 | D:1      | Reached XP level 2. HP: 21/22 MP: 0/0
   184 | D:1      | Reached skill level 1 in Fighting
   378 | D:1      | Reached XP level 3. HP: 25/27 MP: 0/0
   378 | D:1      | Learned a level 1 spell: Magic Dart
  1023 | D:2      | Found an ornate altar of the Wu Jian Council.
  1362 | D:2      | Reached XP level 4. HP: 27/33 MP: 0/0
  1693 | D:2      | Reached skill level 2 in Fighting
  1720 | D:2      | Found a faded altar of an unknown god.
  1926 | D:2      | Prayed at the altar of an unknown god.
  1926 | D:2      | Became a worshipper of Qazlal Stormbringer
  1926 | D:2      | Reached * piety under Qazlal
  2549 | D:3      | Found a hide-covered altar of Uskayaw.
  2661 | D:4      | Reached ** piety under Qazlal
  2770 | D:4      | Found the +1 Delatra's gloves {ID++}
  2774 | D:4      | Noticed a black bear
  2781 | D:4      | Killed a black bear
  2782 | D:4      | Reached skill level 3 in Fighting
  2782 | D:4      | Reached XP level 5. HP: 23/40 MP: 0/0
  2782 | D:4      | Learned a level 2 spell: Passwall
  2782 | D:4      | Reached XP level 6. HP: 27/46 MP: 0/0
  2857 | D:4      | Noticed Menkaure
  2869 | D:4      | Killed Menkaure
  3067 | D:4      | Reached skill level 4 in Fighting
  3067 | D:4      | Reached XP level 7. HP: 50/52 MP: 0/0
  3067 | D:4      | Learned a level 3 spell: Ozocubu's Armour
  3368 | D:4      | Noticed Grinder
  3377 | D:4      | Killed Grinder
  3593 | D:4      | Reached skill level 5 in Fighting
  4117 | D:3      | Found a white marble altar of Elyvilon.
  4120 | D:3      | Found a blossoming altar of Fedhas.
  4250 | D:5      | Entered Level 5 of the Dungeon
  4270 | D:4      | Reached XP level 8. HP: 27/61 MP: 0/0
  4401 | D:5      | Reached skill level 1 in Invocations
  4545 | D:5      | Reached skill level 6 in Fighting
  4832 | D:5      | Found an ornate altar of the Wu Jian Council.
  4864 | D:5      | Reached *** piety under Qazlal
  4886 | D:5      | Killed from afar by an orc priest

Illustrated notes

Levels and vault maps discovered:
D:1:      beargit_arrival_diablo_church, layout_basic, minmay_indecisive_spiral
D:2:      layout_basic, shapermc_ecumenical_altar_hornbeckon, basic_altar
D:3:      minmay_general_purpose_star, layout_rooms,
          nicolae_uskayaw_murder_on_the_dancefloor, nicolae_overflow_squiral,
          minmay_misc_feat_cross
D:4:      layout_loops_ring, uniq_menkaure, uniq_grinder
D:5:      layout_gridville, kennysheep_mini_moat, serial_bayou_lagoon_a,
          grunt_ministairs_6, nicolae_specific_store

Skill      XL: |  1  2  3  4  5  6  7  8 |
---------------+-------------------------+-----
Fighting       | 1 3 4 5 6 |  6.0
Stealth        | 2 3 |  3.0
Dodging        | 3 4 |  4.0
Spellcasting   | 3 4 |  4.5
Invocations    | 2 |  2.6

Action                     |  1- 3 |  4- 6 |  7- 9 || total
---------------------------+-------+-------+-------++-------
  Melee: Morningstar       |       |     2 |       ||     2
         Falchion          |       |       |     5 ||     5
         Short sword       |       |       |     2 ||     2
  Throw: Dart              |       |       |     2 ||     2
   Cast: Foxfire           |    33 |    15 |    27 ||    75
         Scorch            |    20 |    23 |    44 ||    87
         Volatile Blastmot |       |     6 |     6 ||    12
 Armour: Robe              |     2 |     8 |    18 ||    28
  Dodge: Dodged            |    22 |    19 |    35 ||    76
  Block: Other             |       |     4 |    10 ||    14

Table legend: (Time is in decaauts)
 A = Elapsed time spent in this place.
 B = Non-inter-level travel time spent in this place.
 C = Inter-level travel time spent in this place.
 D = Time resting spent in this place.
 E = Time spent auto-exploring this place.
 F = Levels seen in this place.
 G = Mean time per level.
                   A        B        C        D        E       F      G
               +--------+--------+--------+--------+--------+-----+--------+
         Total |   4888 |   4638 |    250 |      0 |   3853 |   5 |  977.6 |
       Dungeon |   4888 |   4638 |    250 |      0 |   3853 |   5 |  977.6 |
               +--------+--------+--------+--------+--------+-----+--------+

Top non-repeatable levels by time:
     D:4: 1416 daAuts
     D:1: 1022 daAuts
     D:2: 995 daAuts
     D:3: 939 daAuts
     D:5: 515 daAuts
